 Dungeon Crawl Stone Soup version 0.18.1-48-g4cf74bf (webtiles) character file.

181 Metae the Charlatan (level 5, -16/45 HPs)
             Began as a Deep Dwarf Artificer on July 3, 2016.
             Demolished by Pikel
             ... wielding a +1 whip of electrocution
              (18 damage)
             ... on level 4 of the Dungeon.
             The game lasted 00:24:50 (2365 turns).

Metae the Charlatan (Deep Dwarf Artificer)          Turns: 2365, Time: 00:24:55

Health: -16/45     AC: 18    Str: 14    XL:     5   Next: 34%
Magic:  8/8        EV:  4    Int: 13    God:
Gold:   169        SH:  0    Dex: 14    Spells: 0 memorised, 4 levels left

rFire  . . .     SeeInvis .     a - +0 short sword
rCold  + . .     Gourm    .     r - +2 plate armour {rC+}
rNeg   . . .     Faith    .     (no shield)
rPois  .         Spirit   .     (no helmet)
rElec  .         Dismiss  .     l - +0 cloak
rCorr  .         Reflect  .     (no gloves)
SustAt .         Harm     .     (no boots)
MR     .....     Rnd*Tele +     (no amulet)
Stlth  ..........               o - +4 ring of protection
                                p - ring of teleportation (curse)

@: non-regenerating, not resistant to hostile enchantments, extremely unstealthy
A: damage resistance, recharge devices, sense surroundings 1, slow regeneration
3
a: Device Recharging


You were on level 4 of the Dungeon.
You were not hungry.

You visited 1 branch of the dungeon, and saw 4 of its levels.

You collected 169 gold pieces.

Inventory:

Hand Weapons
 a - a +0 short sword (weapon)
Armour
 b - a +0 leather armour
 l - a +0 cloak (worn)
 r - a +2 plate armour of cold resistance (worn)
Magical Staves
 A - an uncursed staff of earth
Jewellery
 o - a +4 ring of protection (right hand)
 p - a cursed ring of teleportation (left hand)
 y - a +2 ring of evasion
Wands
 c - a wand of flame (5/48)
 d - a wand of enslavement (9/24)
 e - a wand of random effects (9/48)
 f - a wand of heal wounds (0/9)
 t - a wand of flame (19/48)
Scrolls
 i - a scroll of amnesia
 j - a scroll of teleportation
 m - 2 scrolls of enchant weapon
 x - a scroll of immolation
Potions
 n - 2 potions of degeneration {unknown}
 q - a potion of curing {unknown}
 w - a potion of heal wounds {unknown}
 B - a potion of agility {unknown}
 C - a potion of invisibility {unknown}
Comestibles
 g - 2 bread rations
 s - 2 meat rations
 v - 5 fruits
 z - a beef jerky


   Skills:
 * Level 1.8 Fighting
 + Level 1.2 Short Blades
 * Level 0.1 Staves
 * Level 2.4 Armour
 + Level 2.5 Dodging
 + Level 1.2 Stealth
 * Level 6.4 Evocations


You had 4 spell levels left.
You didn't know any spells.

Dungeon Overview and Level Annotations

Branches:
Dungeon (4/15)
 Temple: D:4-7

Altars:
Cheibriados
Elyvilon
Ru
Yredelemnul

Annotations:
D:4 Eustachio, Pikel


Innate Abilities, Weirdness & Mutations

You are resistant to damage.
You can recharge devices by infusing magical energy.
You passively map a small area around you.
You do not regenerate naturally.


Message History

Eustachio hits you but does no damage. Pikel hits you but does no damage.
You are electrocuted!
* * * LOW HITPOINT WARNING * * *
You hit Eustachio but do no damage.
Eustachio is lightly wounded.
Eustachio hits you with a falchion.
* * * LOW HITPOINT WARNING * * *
Pikel hits you but does no damage.
You closely miss Eustachio.
Eustachio is lightly wounded.
Eustachio hits you but does no damage.
The white imp shouts, "Turn tail, thou frothy dirt-grubbing skainsmate!"
Pikel hits you but does no damage.
You barely miss Eustachio.
Eustachio is lightly wounded.
Eustachio hits you but does no damage.
Pikel hits you with a whip of electrocution.
* * * LOW HITPOINT WARNING * * *
You are electrocuted!
You die...

#p### , #...### ###..†##
, ###[)###### *
#####.......(.#####.#.# ,
.....<.........(.).o.o..
*
#####.........#######...,
#........p####r...# * *
#.......5prK@@b#**
#........r######
#......$..# #.%....!.$#
#.........# #.........#
###########


You could see Eustachio, Pikel, 2 slaves, a river rat, a white imp, 2 quokkas
and a bat.

Vanquished Creatures
  A slave (D:4)
  A giant frog (D:3)
  A hound (D:4)
  A gnoll (D:2)
  An adder (D:2)
  A river rat (D:2)
  2 worms
  A giant gecko (D:3)
  3 orcs
  2 ball pythons (D:1)
  4 giant cockroaches
  8 goblins
  3 hobgoblins
  2 quokkas (D:2)
  A bat (D:1)
  3 giant newts
  2 kobolds (D:3)
  8 rats
45 creatures vanquished.

Vanquished Creatures (collateral kills)
  2 orcs (D:4)
  A rat (D:1)
3 creatures vanquished.

Vanquished Creatures (others)
  A slave (D:4)
  An orc priest (D:4)
2 creatures vanquished.

Grand Total: 50 creatures vanquished

Notes
Turn   | Place    | Note
--------------------------------------------------------------
     0 | D:1      | Metae the Deep Dwarf Artificer began the quest for the Orb.
     0 | D:1      | Reached XP level 1. HP: 16/16 MP: 3/3
    80 | D:1      | Reached skill level 1 in Fighting
   120 | D:1      | Reached XP level 2. HP: 25/25 MP: 5/5
   657 | D:2      | Found a snail-covered altar of Cheibriados.
   667 | D:2      | Reached skill level 5 in Evocations
   731 | D:2      | Reached XP level 3. HP: 31/31 MP: 6/6
   752 | D:2      | Found a white marble altar of Elyvilon.
   914 | D:2      | Reached skill level 1 in Armour
  1097 | D:2      | Found a basalt altar of Yredelemnul.
  1506 | D:3      | Found a sacrificial altar of Ru.
  1608 | D:3      | Noticed a giant frog
  1621 | D:3      | Killed a giant frog
  1621 | D:3      | Reached skill level 1 in Short Blades
  1621 | D:3      | Reached skill level 6 in Evocations
  1621 | D:3      | Reached XP level 4. HP: 31/39 MP: 7/7
  1908 | D:3      | Reached XP level 5. HP: 35/45 MP: 8/8
  2273 | D:4      | Noticed Pikel
  2273 | D:4      | Noticed a slave
  2273 | D:4      | Noticed a slave
  2273 | D:4      | Noticed a slave
  2273 | D:4      | Noticed a slave
  2277 | D:4      | Noticed Eustachio
  2339 | D:4      | Killed a slave
  2365 | D:4      | HP: 2/45 [Pikel/whip of electrocution (1)]
  2365 | D:4      | Demolished by Pikel

Skill      XL: |  1  2  3  4  5 |
---------------+----------------+-----
Fighting       | 1 |  1.8
Evocations     | 5 6 |  6.4
Armour         | 1 2 |  2.4
Short Blades   | 1 |  1.2
Staves         | |  0.1
Dodging        | |  2.5
Stealth        | |  1.2

Action                   |  1- 3 |  4- 6 || total
-------------------------+-------+-------++-------
Melee: Short sword       |   119 |    58 ||   177
       Staff             |       |    13 ||    13
 Abil: Device Recharging |     1 |       ||     1
Evoke: Wand              |    28 |    27 ||    55
  Use: Scroll            |     5 |     5 ||    10
  Eat: Chunk             |     2 |     1 ||     3
       Bread ration      |       |     1 ||     1
Armor: Leather armour    |    11 |       ||    11
       Plate armour      |    59 |    97 ||   156
Dodge: Dodged            |    42 |    30 ||    72
